 Dungeon Crawl Stone Soup version 0.32-a0-732-ga344392067 (webtiles) character file.

Game seed: 16042376097825217452

55164 smashvw the Thaumaturge (level 14, 0/77 HPs)
             Began as a Felid Summoner on Mar 16, 2024.
             Was the Champion of Kikubaaqudgha.
             Slain by a steelbarb worm (23 damage)
             ... on level 1 of the Spider Nest.
             The game lasted 01:33:23 (17097 turns).

smashvw the Thaumaturge (Felid Summoner)           Turns: 17097, Time: 01:33:24

Health: 0/77       AC:  5    Str: 10    XL:     14   Next: 37%
Magic:  3/30       EV: 28    Int: 24    God:    Kikubaaqudgha [******]
Gold:   1650       SH:  0    Dex: 17    Spells: 12/35 levels left
                                        Lives:  0   Deaths: 5

rFire   . . .        (weapon unavailable)
rCold   + . .        (shield unavailable)
rNeg    . . .        (body armour unavailable)
rPois   .            (helmet unavailable)
rElec   .            (cloak unavailable)
rCorr   .            (gloves unavailable)
SInv    +            (boots unavailable)
Will    ++...        s - amulet of magic regeneration
Stlth   +++++        q - +6 ring of strength
HPRegen 1.12/turn    N - +5 ring of evasion
MPRegen 0.62/turn

%: no passive effects
@: no status effects
A: very small, claws 1, fangs 3, see invisible, shaggy fur 3, stealthy paws, no
weapons or thrown items, no armour, multi-lived, iridescent scales 1,
regeneration 1
a: Renounce Religion, Unearth Wretches, Torment


You were on level 1 of the Spider Nest.
You worshipped Kikubaaqudgha.
Kikubaaqudgha was exalted by your worship.
You visited 5 branches of the dungeon, and saw 19 of its levels.
You also visited: Ossuary.

You collected 2043 gold pieces.
You spent 393 gold pieces at shops.

Inventory:

Jewellery
 a - a ring of poison resistance
 e - an amulet of reflection
 q - a +6 ring of strength (left paw)
 r - a ring of positive energy
 s - an amulet of magic regeneration (around neck)
 y - the amulet of the Original Sin {Reflect rCorr Int+2 SH+5}
   (You found it on level 5 of the Dungeon)

   [amulet of reflection]

   Reflect:   It reflects blocked missile attacks.
   Int+2:     It affects your intelligence (+2).
   rCorr:     It protects you from acid and corrosion.
   SH+5:      It affects your SH (+5).
 C - a ring of protection from fire
 K - a +6 ring of dexterity
 N - a +5 ring of evasion (right paw)
Talismans
 x - the beast talisman of Posuoca {rElec Will+ Stlth+}
   (You found it on level 5 of the Dungeon)

   [beast talisman]

   rElec:     It insulates you from electricity.
   Will+:     It increases your willpower.
   Stlth+:    It makes you more stealthy.
 G - a maw talisman
Wands
 o - a wand of digging (2)
 u - a wand of flame (66)
 D - a wand of charming (26)
 E - a wand of polymorph (28)
Scrolls
 b - 4 scrolls of teleportation
 d - 5 scrolls of immolation
 i - a scroll of silence
 n - 10 scrolls of noise
 p - 4 scrolls of fear
 z - 3 scrolls of poison
 H - 3 scrolls of amnesia
 J - 5 scrolls of vulnerability
 L - a scroll of blinking
 M - 2 scrolls of fog
Potions
 c - 3 potions of attraction
 f - a potion of curing
 g - 2 potions of haste
 h - 3 potions of heal wounds
 k - a potion of berserk rage
 l - 2 potions of might
 m - 5 potions of cancellation
 t - a potion of magic
 w - 5 potions of invisibility
 A - 4 potions of resistance
 F - a potion of enlightenment
 I - 4 potions of lignification
 Q - 2 potions of brilliance {unknown}
Miscellaneous
 j - a phial of floods
 O - a lightning rod (1/4) (quivered)


   Skills:
 - Level 10.0 Fighting
 - Level 10.0 Dodging
 - Level 10.0 Stealth
 + Level 11.3 Spellcasting
 - Level 11.0 Summonings
 + Level 10.3 Necromancy
 - Level 5.0 Fire Magic
 - Level 8.0 Air Magic
 + Level 3.7 Evocations


You had 12 spell levels left.
You knew the following spells:

 Your Spells              Type           Power      Damage    Failure   Level
a - Summon Small Mammal   Summ           100%       N/A       1%          1
c - Summon Blazeheart Go  Fire/Summ      51%        N/A       1%          4
d - Summon Lightning Spi  Summ/Air       56%        N/A       1%          4
e - Animate Dead          Necr           59%        N/A       1%          4
f - Anguish               Hex/Necr       19%        N/A       5%          4
g - Death Channel         Necr           29%        N/A       10%         6

Your spell library contained the following spells:

 Spells                   Type           Power      Damage    Failure   Level
 Kiss of Death            Conj/Necr      100%       2d13      1%          1
 Necrotise                Necr           100%       1d9       1%          1
 Call Imp                 Summ           100%       N/A       1%          2
 Cigotuvi's Dreadful Rot  Necr/Alch/Air  86%        N/A       1%          2
 Mercury Vapours          Alch/Air       64%        N/A       1%          2
 Scorch                   Fire           74%        2d8       1%          2
 Call Canine Familiar     Summ           60%        N/A       1%          3
 Vampiric Draining        Necr           59%        2d10      1%          3
 Dispel Undead            Necr           59%        3d21      1%          4
 Martyr's Knell           Necr/Summ      60%        N/A       1%          4
 Curse of Agony           Necr           59%        N/A       1%          5
 Sting                    Conj/Alch      52%        1d6       4%          1
 Volatile Blastmotes      Fire/Tloc      50%        2d14      4%          3
 Blink                    Tloc           26%        N/A       7%          2
 Lesser Beckoning         Tloc           26%        N/A       7%          2
 Momentum Strike          Conj/Tloc      26%        3d8       7%          2
 Summon Cactus Giant      Summ           30%        N/A       8%          6
 Frozen Ramparts          Ice            26%        1d4       14%         3
 Ozocubu's Armour         Ice            13%        N/A       14%         3
 Passwall                 Erth           13%        N/A       14%         3
 Tukima's Dance           Hex            13%        N/A       14%         3
 Flame Wave               Conj/Fire      25%        2d8       16%         4
 Ignite Poison            Fire/Alch      25%        N/A       16%         4
 Sticky Flame             Fire/Alch      25%        2d6       16%         4
 Borgnjor's Vile Clutch   Necr/Erth      19%        N/A       16%         5
 Iskenderun's Mystic Bla  Conj/Tloc      13%        2d5       41%         4
 Olgreb's Toxic Radiance  Alch           13%        N/A       41%         4
 Haunt                    Necr/Summ      30%        N/A       43%         7
 Iskenderun's Battlesphe  Conj           13%        2d7       77%         5
 Metabolic Englaciation   Hex/Ice        6%         N/A       77%         5
 Spellforged Servitor     Conj/Summ      20%        N/A       99%         7
 Borgnjor's Revivificati  Necr           29%        N/A       99%         8
 Infestation              Necr           29%        N/A       99%         8
 Bombard                  Conj/Erth      6%         9d2       100%        6
 Sculpt Simulacrum        Ice/Alch       6%         N/A       100%        6
 Ozocubu's Refrigeration  Ice            6%         4d8       100%        7
 Ignition                 Fire           18%        3d7       100%        8
 Death's Door             Necr           29%        N/A       100%        9
 Polar Vortex             Ice            6%         N/A       100%        9
 Dimensional Bullseye     Hex/Tloc       Unusable   N/A       N/A         4

Dungeon Overview and Level Annotations

Branches:
Dungeon (11/15)            Temple (1/1) D:6            Lair (4/5) D:8
  Swamp (0/4) Lair:2       Spider (1/4) Lair:2          Orc (2/2) D:9
    Elf (0/3) Orc:2       Ossuary (visited)
  Slime: Lair:4-5

Altars:
Ashenzari
Cheibriados
Dithmenos
Elyvilon
Fedhas
Gozag
Hepliaklqana
Kikubaaqudgha
Makhleb
Nemelex Xobeh
Okawaru
Qazlal
Ru
Sif Muna
Trog
Uskayaw
Vehumet
Wu Jian
Xom
Yredelemnul
Zin
The Shining One
Beogh

Shops:
D:9 [   D:10 ?   Orc:2 *(=:

Annotations:
D:6 3 runed translucent doors, SageDae's ghost, novice CoHu
D:7 1 runed translucent door, Crazy Yiuf
D:10 3 runed translucent doors, BubbleThief's ghost, journeyman KoBr
Lair:1 3 runed translucent doors, hecktor's ghost, journeyman FoHu
Lair:3 Amaemon


Innate Abilities, Weirdness & Mutations

You have sharp claws.
You have razor-sharp teeth.
You have supernaturally acute eyesight. (SInv)
Your thick and shaggy fur keeps you warm. (AC +3, rC+)
Your paws help you pounce on unaware monsters.
You are incapable of wielding weapons or throwing items.
You cannot wear armour.
You gain extra lives every three experience levels.
You are partially covered in iridescent scales. (AC +2)
Your natural rate of healing is unusually fast.


Message History

You are lethally poisoned!
The redback poisons you!
The wolf spider completely misses your blazeheart core.
The wolf spider bites your blazeheart core.
* * * LOW HITPOINT WARNING * * *
You feel extremely sick.
Your blazeheart core explodes!
The fiery explosion engulfs the tarantella!!
You kill the tarantella!
Kikubaaqudgha accepts your kill.
The fiery explosion engulfs the redback!!
You kill the redback!
Kikubaaqudgha accepts your kill.
The fiery explosion engulfs the wolf spider!!
The fiery explosion engulfs the steelbarb worm!
The steelbarb worm resists.
The steelbarb worm is engulfed in blazing flames.
The wolf spider is engulfed in blazing flames.
The demonic crawler hits your lightning spire but does no damage.
The demonic crawler barely misses your lightning spire.
The demonic crawler hits your lightning spire!
Your lightning spire shoots out a bolt of lightning at the demonic crawler!
The bolt of electricity hits the demonic crawler!
You hear a faint skittering sound.
You feel better.
The wolf spider is engulfed in blazing flames.
You kill the wolf spider!
Kikubaaqudgha accepts your kill.
The steelbarb worm is engulfed in blazing flames.
The demonic crawler hits your lightning spire!
Your lightning spire is destroyed!
Your lightning spire disappears in a puff of smoke!
Casting: Summon Blazeheart Golem (dangerous; 1% risk of failure)
Confirm with . or Enter, or press ? or * to list all spells.
A fiery spirit appears, bound in slag iron.
The demonic crawler gives a hideous shriek!
The steelbarb worm closely misses you. The steelbarb worm misses you.
The steelbarb worm hits you!!
You die...
Kikubaaqudgha rasps: You have failed me!
Welcome... death!

# #. #..## . ##...### ..
#.###..###### #...
##.#....@....#.....
#.#.....9w°...!##
#^.......○.(....## ######
##.:.....s○..(....#
#....###...................
##.........................
####.........§.§.........#
#>.....^..............#
####...............####


You could see a steelbarb worm, a demonic crawler (ally target) and a friendly
blazeheart golem (summoned).

Vanquished Creatures
  Kirke (Lair:4)
  A ghost moth (Spider:1)
  A spark wasp (Spider:1)
  3 hydras
  An ogre mage (D:10)
  A catoblepas (Lair:4)
  A two-headed ogre (D:11)
  A death yak (Lair:4)
  2 orc high priests (Orc:2)
  A skyshark (Lair:4)
  A pharaoh ant (Spider:1)
  2 orc knights
  Pikel (D:9)
  3 wolf spiders (Spider:1)
  2 cyclopes (Orc:2)
  A manticore (D:11)
  2 orc sorcerers (Orc:1)
  2 kobold blastminers
  A gargoyle (D:10)
  7 elephants
  5 black mambas
  Maggie (D:7)
  3 cane toads
  3 komodo dragons
  6 trolls
  Grinder (D:3)
  A hornet (D:10)
  Prince Ribbit (D:5)
  4 tarantellas (Spider:1)
  A blink frog (Lair:3)
  A shadow (D:10)
  14 yaks
  2 wyverns
  2 hogs (Lair:4)
  A redback (Spider:1)
  A swamp worm (Lair:2)
  A two-headed ogre zombie (Orc:2)
  5 water moccasins
  4 orc warriors
  2 black bears
  3 ogres
  2 centaurs
  3 wolves (D:8)
  A phantom (D:4)
  2 weeping skulls (Ossuary)
  3 kobold brigands (D:10)
  4 bullfrogs
  2 scorpions (D:6)
  2 water moccasin zombies (Lair:3)
  4 wights
  4 yak zombies (Lair:3)
  7 orc priests
  An iguana (D:5)
  12 orc wizards
  3 mummies (Ossuary)
  2 adders
  An ufetubus (D:8)
  2 dart slugs
  8 orcs
  3 bats
  2 endoplasms
  2 goblins
  2 hobgoblins (D:3)
  A jackal (D:4)
  2 kobolds
  A ball python (D:2)
  2 kobold zombies
  15 orc zombies
  A rat (D:2)
191 creatures vanquished.

Vanquished Creatures (collateral kills)
  Louise (Spider:1)
  Snorg (Orc:2)
  An ettin (Orc:2)
  2 two-headed ogres
  Sonja (Orc:1)
  An orc knight (Orc:2)
  3 orc sorcerers
  3 cyclopes (D:11)
  4 elephants
  A black mamba (Lair:4)
  2 kobold blastminers
  3 cane toads
  A rime drake (Lair:3)
  A komodo dragon (Lair:2)
  An orange demon (Lair:3)
  A tyrant leech (Lair:2)
  A troll (D:10)
  A tarantella (Spider:1)
  7 blink frogs
  A wraith (D:9)
  A wyvern (D:9)
  A vampire (D:9)
  15 yaks
  Grum (D:8)
  A basilisk (Lair:2)
  2 hogs (Lair:4)
  2 wargs
  A steam dragon (D:8)
  Menkaure (D:5)
  9 water moccasins
  14 orc warriors
  A sky beast (D:8)
  3 black bears
  An ice beast (D:5)
  2 ogres
  5 centaurs
  A lemure (D:9)
  2 nameless horrors
  2 gnoll sergeants
  10 bullfrogs
  2 scorpions
  6 wights
  A howler monkey (D:6)
  A quasit (D:8)
  A centaur zombie (Ossuary)
  5 hounds
  18 orc priests
  A jelly (D:6)
  4 iguanas
  A sleepcap (D:7)
  27 orc wizards
  A centaur simulacrum (D:10)
  A mummy (Ossuary)
  11 gnolls
  6 adders
  2 shadow imps
  2 white imps (D:5)
  2 ufetubi (D:8)
  A dart slug (D:1)
  57 orcs
  5 endoplasms
  16 goblins
  3 hobgoblins
  7 jackals
  A quokka (D:4)
  6 ball pythons
  8 bats
  A frilled lizard (D:1)
  3 gnoll zombies (Ossuary)
  15 kobolds
  An orc zombie (Ossuary)
  3 rats (D:1)
331 creatures vanquished.

Vanquished Creatures (others)
  An orc warlord (Orc:1)
  A spark wasp zombie (Spider:1)
  An orc knight (Orc:2)
  3 orc sorcerers (Orc:2)
  A human zombie (Spider:1)
  A troll (Orc:2)
  A hog (Lair:4)
  5 orc warriors
  34 orc zombies
  2 elephant zombies (Lair:3)
  3 troll zombies
  A yak zombie (Lair:3)
  3 orc priests
  12 orc wizards
  3 ogre zombies
  5 orcs
  2 bat zombies (Orc:1)
  124 blazeheart cores
203 creatures vanquished.

Grand Total: 725 creatures vanquished

Notes
Turn   | Place    | Note
-------+----------+-------------------------------------------
     0 | D:1      | smashvw the Felid Summoner began the quest for the Orb.
     0 | D:1      | Reached XP level 1. HP: 9/9 MP: 4/4
   215 | D:1      | Reached XP level 2. HP: 13/13 MP: 4/6
  1152 | D:2      | Reached XP level 3. HP: 16/16 MP: 6/8
  1199 | D:2      | Learned a level 3 spell: Call Canine Familiar
  1509 | D:2      | Reached XP level 4. HP: 14/21 MP: 4/9
  1509 | D:2      | Gained a life (2 lives remaining)
  1595 | D:2      | Learned a level 4 spell: Summon Blazeheart Golem
  2061 | D:2      | Found a faded altar of an unknown god.
  2148 | D:3      | Reached skill level 5 in Summonings
  2226 | D:3      | Reached XP level 5. HP: 25/25 MP: 7/11
  2313 | D:3      | Reached skill level 1 in Fighting
  2901 | D:3      | Noticed Grinder
  2917 | D:3      | Killed Grinder
  2918 | D:3      | Reached skill level 1 in Fire Magic
  2918 | D:3      | Gained mutation: You are covered in thick fur. (AC +2)
                  | [Felid growth]
  2918 | D:3      | Reached XP level 6. HP: 30/30 MP: 5/12
  2970 | D:3      | Found an ancient bone altar of Kikubaaqudgha.
  3239 | D:4      | Learned a level 4 spell: Summon Lightning Spire
  3388 | D:4      | Noticed a water moccasin
  3397 | D:4      | Killed a water moccasin
  3398 | D:4      | Reached XP level 7. HP: 35/35 MP: 1/14
  3452 | D:4      | Killed by an exploding blazeheart core
  3452 | D:4      | Lost a life (1 life remaining)
  3453 | D:4      | Reached skill level 5 in Stealth
  3467 | D:4      | Found a sand-covered staircase.
  3476 | Ossuary  | Entered an ossuary
  3560 | Ossuary  | Reached skill level 5 in Dodging
  3770 | Ossuary  | Reached XP level 8. HP: 38/40 MP: 11/15
  3770 | Ossuary  | Gained a life (2 lives remaining)
  4108 | D:4      | Found a shimmering blue altar of Sif Muna.
  4239 | D:4      | Found a basalt altar of Yredelemnul.
  4295 | D:4      | Found a white marble altar of Elyvilon.
  4714 | D:5      | Entered Level 5 of the Dungeon
  4714 | D:5      | Noticed Menkaure
  4720 | D:5      | Killed Menkaure
  4769 | D:5      | Reached skill level 1 in Air Magic
  4924 | D:5      | Noticed Prince Ribbit
  4958 | D:5      | Killed Prince Ribbit
  5043 | D:5      | Reached skill level 5 in Spellcasting
  5312 | D:5      | Identified the beast talisman of Posuoca {rElec Will+
                  | Stlth+}
  5343 | D:5      | Identified the amulet of the Original Sin {Reflect rCorr
                  | Int+2 SH+5}
  5794 | D:6      | Reached XP level 9. HP: 45/45 MP: 17/17
  6061 | D:6      | Found a staircase to the Ecumenical Temple.
  6087 | Temple   | Entered the Ecumenical Temple
  6255 | D:3      | Gained mutation: You are agile. (Dex +4, Str/Int -1)
                  | [potion of mutation]
  6255 | D:3      | Gained mutation: You are partially covered in large bone
                  | plates. (SH +4) [potion of mutation]
  6256 | D:3      | Lost mutation: You are agile. (Dex +4, Str/Int -1) [potion
                  | of mutation]
  6256 | D:3      | Lost mutation: You are partially covered in large bone
                  | plates. (SH +4) [potion of mutation]
  6256 | D:3      | Gained mutation: You are frail. (-10% HP) [potion of
                  | mutation]
  6256 | D:3      | Gained mutation: You have hidden genetic potential. [potion
                  | of mutation]
  6257 | D:3      | Lost mutation: You have hidden genetic potential. [potion
                  | of mutation]
  6257 | D:3      | Lost mutation: You are frail. (-10% HP) [potion of
                  | mutation]
  6257 | D:3      | Gained mutation: You are partially covered in iridescent
                  | scales. (AC +2) [potion of mutation]
  6257 | D:3      | Gained mutation: Your natural rate of healing is unusually
                  | fast. [potion of mutation]
  6262 | D:3      | Became a worshipper of Kikubaaqudgha
  6343 | D:6      | Found a snail-covered altar of Cheibriados.
  6383 | D:6      | Found a runed translucent gate.
  6383 | D:6      | Found a runed translucent gate.
  6383 | D:6      | Found a runed translucent gate.
  6396 | D:6      | Noticed SageDae's ghost (novice CoHu)
  6695 | D:7      | Found a shadowy altar of Dithmenos.
  6732 | D:7      | Found a stormy altar of Qazlal.
  6752 | D:7      | Noticed Maggie
  6767 | D:7      | Killed Maggie
  6823 | D:7      | Found a bloodstained altar of Trog.
  6839 | D:7      | Reached skill level 5 in Fighting
  7094 | D:7      | Reached XP level 10. HP: 39/51 MP: 19/19
  7331 | D:7      | Found a runed translucent door.
  7332 | D:7      | Noticed Crazy Yiuf
  7715 | D:8      | Found a sparkling altar of Nemelex Xobeh.
  7729 | D:8      | Found a staircase to the Lair.
  7793 | D:8      | Reached * piety under Kikubaaqudgha
  7793 | D:8      | Received a gift from Kikubaaqudgha
  7831 | D:8      | Learned a level 4 spell: Animate Dead
  8014 | D:8      | Noticed Grum
  8018 | D:8      | Reached skill level 5 in Fire Magic
  8091 | D:8      | Killed Grum
  8138 | D:8      | Found a broken altar of Ashenzari.
  8165 | D:8      | Reached skill level 1 in Necromancy
  8370 | D:8      | Upgraded the game from 0.32-a0-711-g016ad743e0 to
                  | 0.32-a0-732-ga344392067
  8480 | D:9      | Found a staircase to the Orcish Mines.
  8482 | D:9      | Found Zoibejui's Armour Shoppe.
  8563 | D:9      | Found a shimmering altar of Xom.
  8564 | D:9      | Found a shimmering altar of Xom.
  8564 | D:9      | Found a shimmering altar of Xom.
  8565 | D:9      | Found a shimmering altar of Xom.
  8681 | D:9      | Noticed Pikel
  8690 | D:9      | Killed Pikel
  8691 | D:9      | Reached XP level 11. HP: 53/57 MP: 15/22
  8713 | D:9      | Found a hide-covered altar of Uskayaw.
  8770 | D:10     | Entered Level 10 of the Dungeon
  8797 | D:10     | Reached ** piety under Kikubaaqudgha
  8836 | D:10     | Found a sacrificial altar of Ru.
  8890 | D:10     | Found an iron altar of Okawaru.
  8934 | D:10     | Found an opulent altar of Gozag.
  9091 | D:10     | Found a blossoming altar of Fedhas.
  9209 | D:10     | Found a runed translucent gate.
  9209 | D:10     | Found a runed translucent gate.
  9209 | D:10     | Found a runed translucent gate.
  9236 | D:10     | Noticed an ogre mage
  9248 | D:10     | Reached skill level 5 in Air Magic
  9288 | D:10     | Killed an ogre mage
  9289 | D:10     | Reached skill level 10 in Stealth
  9454 | D:10     | Reached *** piety under Kikubaaqudgha
  9454 | D:10     | Received a gift from Kikubaaqudgha
  9504 | D:10     | Found an opulent altar of Gozag.
  9512 | D:10     | Noticed a wolf spider
  9512 | D:10     | Noticed BubbleThief's ghost (journeyman KoBr)
  9569 | D:10     | Found Napeefy's Magic Scroll Shoppe.
  9577 | D:10     | Bought a scroll of identify for 26 gold pieces
  9577 | D:10     | Bought a scroll of blinking for 97 gold pieces
  9577 | D:10     | Bought a scroll of poison for 52 gold pieces
  9577 | D:10     | Bought a scroll of vulnerability for 52 gold pieces
  9577 | D:10     | Bought a scroll of identify for 26 gold pieces
 10052 | D:11     | Noticed a two-headed ogre
 10060 | D:11     | Killed a two-headed ogre
 10374 | D:11     | Noticed a two-headed ogre
 10384 | D:11     | Killed a two-headed ogre
 10385 | D:11     | Reached skill level 10 in Dodging
 10777 | Lair:1   | Entered Level 1 of the Lair of Beasts
 11049 | Lair:1   | Gained mutation: Your thick and shaggy fur keeps you warm.
                  | (AC +3, rC+) [Felid growth]
 11049 | Lair:1   | Reached XP level 12. HP: 64/64 MP: 16/24
 11071 | Lair:1   | Reached skill level 5 in Necromancy
 11356 | Lair:1   | Found a runed translucent gate.
 11356 | Lair:1   | Found a runed translucent gate.
 11356 | Lair:1   | Found a runed translucent gate.
 11359 | Lair:1   | Noticed hecktor's ghost (journeyman FoHu)
 11359 | Lair:1   | Noticed a nine-headed hydra
 11680 | Lair:2   | Found a hole to the Spider Nest.
 12019 | Lair:2   | Reached **** piety under Kikubaaqudgha
 12138 | Lair:2   | Noticed a seven-headed hydra
 12145 | Lair:2   | Killed a seven-headed hydra
 12290 | Lair:2   | Found a staircase to the Swamp.
 12619 | Lair:3   | Noticed Amaemon
 12633 | Lair:3   | HP: 3/65 [Amaemon/+0 demon whip of venom (15)]
 12634 | Lair:3   | Succumbed to Amaemon's poison
 12634 | Lair:3   | Lost a life (1 life remaining)
 12648 | Lair:3   | Reached skill level 10 in Summonings
 12722 | Lair:3   | Learned a level 4 spell: Anguish
 13042 | Lair:3   | Reached XP level 13. HP: 70/70 MP: 11/26
 13042 | Lair:3   | Gained a life (2 lives remaining)
 14067 | Lair:4   | Noticed Kirke
 14081 | Lair:4   | Killed Kirke
 14215 | Lair:4   | Reached ***** piety under Kikubaaqudgha
 14668 | Lair:4   | Learned a level 6 spell: Death Channel
 15054 | Orc:1    | Entered Level 1 of the Orcish Mines
 15101 | Orc:1    | Noticed Sonja
 15311 | Orc:1    | Killed Sonja
 15312 | Orc:1    | Reached skill level 10 in Fighting
 15603 | Orc:2    | Entered Level 2 of the Orcish Mines
 15603 | Orc:2    | Noticed an ettin
 15603 | Orc:2    | Found a roughly hewn altar of Beogh.
 15616 | Orc:2    | Killed an ettin
 15620 | Orc:2    | Paralysed by an orc sorcerer for 3 turns
 15623 | Orc:2    | Mangled by a warg
 15623 | Orc:2    | Lost a life (1 life remaining)
 15658 | Orc:2    | Reached skill level 10 in Spellcasting
 15957 | Orc:2    | Noticed Snorg
 15967 | Orc:2    | Killed Snorg
 15992 | Orc:2    | Reached XP level 14. HP: 75/77 MP: 4/29
 15992 | Orc:2    | Gained a life (2 lives remaining)
 16093 | Orc:2    | Killed by an exploding blazeheart core
 16093 | Orc:2    | Lost a life (1 life remaining)
 16124 | Orc:2    | Reached ****** piety under Kikubaaqudgha
 16191 | Orc:2    | Found Urghopuse's Assorted Antiques.
 16191 | Orc:2    | Found Buanad's Jewellery Emporium.
 16192 | Orc:2    | Found Yhucrib's Book Emporium.
 16196 | Orc:2    | Found Arozof's Weapon Shoppe.
 16199 | Orc:2    | Bought a scroll of identify for 70 gold pieces
 16199 | Orc:2    | Bought a scroll of identify for 70 gold pieces
 16356 | Orc:2    | Found a staircase to the Elven Halls.
 16485 | Orc:1    | Reached skill level 1 in Evocations
 16608 | Orc:1    | Noticed an orc warlord
 16638 | Orc:1    | Killed an orc warlord
 16846 | D:9      | Received a gift from Kikubaaqudgha (forbidden knowledge)
 16960 | Spider:1 | Entered Level 1 of the Spider Nest
 16960 | Spider:1 | Noticed Louise
 16967 | Spider:1 | Reached skill level 10 in Necromancy
 16969 | Spider:1 | Killed Louise
 16976 | Spider:1 | Slain by a wolf spider
 16976 | Spider:1 | Lost a life (0 lives remaining)
 16978 | Spider:1 | Your ally Louise died
 17064 | Spider:1 | Noticed a ghost moth
 17075 | Spider:1 | Killed a ghost moth
 17097 | Spider:1 | Slain by a steelbarb worm

Illustrated notes

Levels and vault maps discovered:
D:1:      dpeg_arrival_ternary, layout_basic, hangedman_decor_peaks_small,
          minmay_misc_feat_rugged
D:2:      cheibrodos_old_hovel, layout_basic,
          shapermc_ecumenical_altar_mp_vishouse, minmay_box_of_dots
D:3:      layout_loops_ring, general_overflow_altar, uniq_grinder
D:4:      layout_gridville, kennysheep_ying_yang, kennysheep_orc_sif_temple,
          nicolae_ossuary_entry_ruins, minmay_divided_ellipse
D:5:      layout_loops_ring, uniq_prince_ribbit1, uniq_menkaure
D:6:      wad_pebble_path, layout_loops_ring, kennysheep_mini,
          minmay_temple_entry_antechambers, gammafunk_ghost_split
D:7:      layout_rooms, mainiacjoe_overflow_tiny_flanked,
          nicolae_qazlal_scattered_showers, mainiacjoe_overflow_cross_hatched,
          uniq_maggie, uniq_crazy_yiuf_cottage
D:8:      layout_basic, mainiacjoe_overflow_alcove_4,
          nicolae_ashenzari_panopticon, lair_entry_dummy, serial_demonic,
          serial_demonic_e, serial_demonic_e, serial_demonic_a,
          serial_demonic_a, serial_demonic_g, uniq_grum
D:9:      layout_cross, nicolae_uskayaw_dance_hall, xom_shifter_show,
          orc_david_3, kennysheep_generic_room_11, uniq_pikel
D:10:     layout_loops_cross, lemuel_round_altar, kennysheep_okawaru_gauntlet,
          mainiacjoe_overflow_chevrons, fedhas_bush_and_centaur_altar,
          ebering_ghost_gozag, serial_shops, shop,
          minmay_mirror_moons_of_madness
D:11:     layout_cave_pods
Temple:   hellmonk_temple_flake
Lair:1:   layout_regular_city, gammafunk_ghost_hydra_chop
Lair:2:   layout_loops_ring, minmay_swamp_entry_worms,
          spider_nest_entry_web_field, beast_lair_carwin_2
Lair:3:   layout_gridlike, beast_lair_carwin_7, uniq_amaemon
Lair:4:   layout_layer_cave, hangedman_lair_generics_rect, uniq_kirke
Spider:1: layout_cave_pods, nicolae_spider_orb_run, uniq_louise, uniq_azrael
Orc:1:    layout_caves, blackcustard_mines_bat_river, uniq_sonja
Orc:2:    st_orc_mages, layout_caves, basic_altar, uniq_snorg

Skill      XL: |  1  2  3  4  5  6  7  8  9 10 11 12 13 14 |
---------------+-------------------------------------------+-----
Spellcasting   | 3 4 5 6 7 8 10 11 | 11.3
Summonings     | 5 6 7 8 9 10 11 | 11.0
Stealth        | 3 4 5 6 8 9 10 | 10.0
Dodging        | 3 4 5 6 7 9 10 | 10.0
Fighting       | 1 2 3 4 5 6 7 9 10 | 10.0
Fire Magic     | 1 2 3 4 5 |  5.0
Air Magic      | 1 3 4 6 7 8 |  8.0
Necromancy     | 2 4 6 9 10 | 10.3
Evocations     | 3 |  3.7

Action                     |  1- 3 |  4- 6 |  7- 9 | 10-12 | 13-15 || total
---------------------------+-------+-------+-------+-------+-------++-------
  Melee: Unarmed           |    12 |    50 |    22 |    49 |    33 ||   166
         Bite              |       |     4 |     1 |     8 |     5 ||    18
         Punch             |       |     1 |       |     1 |       ||     2
   Cast: Summon Small Mamm |    53 |    30 |    14 |     1 |       ||    98
         Call Canine Famil |     2 |    11 |     3 |     1 |       ||    17
         Summon Blazeheart |       |     2 |    49 |    85 |    54 ||   190
         Summon Lightning  |       |       |    22 |    60 |    30 ||   112
         Animate Dead      |       |       |       |     4 |    11 ||    15
         Anguish           |       |       |       |     3 |    48 ||    51
         Death Channel     |       |       |       |       |    12 ||    12
 Invoke: Receive Forbidden |       |       |       |       |     1 ||     1
  Evoke: Lightning rod     |       |       |       |       |     3 ||     3
    Use: Scroll            |       |     6 |     6 |     7 |     8 ||    27
         Potion            |       |     1 |     6 |       |     6 ||    13
   Stab: Sleeping          |     1 |     2 |       |       |       ||     3
         Distracted        |     1 |       |     1 |       |     1 ||     3
 Armour: Skin              |     6 |    19 |    54 |    89 |    91 ||   259
  Dodge: Dodged            |     9 |    33 |   129 |   195 |   275 ||   641
  Block: Other             |     5 |    11 |    14 |       |       ||    30
         Reflection        |       |     1 |       |       |       ||     1

Table legend: (Time is in decaauts)
 A = Elapsed time spent in this place.
 B = Non-inter-level travel time spent in this place.
 C = Inter-level travel time spent in this place.
 D = Time resting spent in this place.
 E = Time spent auto-exploring this place.
 F = Levels seen in this place.
 G = Mean time per level.
                   A        B        C        D        E       F      G
               +--------+--------+--------+--------+--------+-----+--------+
         Total |  17134 |  16175 |    959 |    699 |  11544 |  20 |  856.7 |
       Dungeon |  10671 |  10027 |    644 |    496 |   7085 |  11 |  970.1 |
        Temple |     19 |     19 |      0 |      0 |      0 |   1 |   19.0 |
          Lair |   4318 |   4096 |    222 |      9 |   3378 |   4 | 1079.5 |
   Spider Nest |    136 |    136 |      0 |     23 |     26 |   1 |  136.0 |
  Orcish Mines |   1621 |   1529 |     92 |    171 |    786 |   2 |  810.5 |
       Ossuary |    366 |    366 |      0 |      0 |    268 |   1 |  366.0 |
               +--------+--------+--------+--------+--------+-----+--------+

Top non-repeatable levels by time:
  Lair:4: 1337 daAuts
     D:4: 1167 daAuts
     D:3: 1155 daAuts
     D:5: 1105 daAuts
     D:8: 1074 daAuts
     D:2: 1070 daAuts
     D:1: 1041 daAuts
  Lair:3: 1040 daAuts
    D:10: 1034 daAuts
  Lair:2: 998 daAuts
    D:11: 956 daAuts
  Lair:1: 940 daAuts
   Orc:2: 892 daAuts
     D:6: 756 daAuts
   Orc:1: 728 daAuts
